 Dungeon Crawl Stone Soup version 0.27-a0-401-gea03ee8 (webtiles) character file.

Game seed: 7347745238340840238

14 GeorgeSoros the Digger (level 2, 0/16 HPs)
             Began as a Gargoyle Earth Elementalist on Feb 20, 2021.
             Slain by a hobgoblin (1 damage)
             ... on level 1 of the Dungeon on Feb 21, 2021.
             The game lasted 00:04:30 (804 turns).

GeorgeSoros the Digger (Gargoyle Earth Elementalist) Turns: 804, Time: 00:04:30

Health: 0/16       AC:  7    Str: 11    XL:     2   Next: 45%
Magic:  3/5        EV: 10    Int: 15    God:
Gold:   9          SH:  0    Dex: 10    Spells: 4/5 levels left

rFire    . . .     SeeInvis .   (no weapon)
rCold    . . .     Faith    .   (no shield)
rNeg     + . .     Spirit   .   a - +0 ring mail
rPois    ∞         Reflect  .   (no helmet)
rElec    +         Harm     .   (no cloak)
rCorr    .         Rampage  .   (no gloves)
Will     .....                  (no boots)
Stlth    +.........             (no amulet)
HPRegen  0.05/turn              (no ring)
MPRegen  0.09/turn              (no ring)

@: no status effects
A: negative energy resistance 1, electricity resistance, unbreathing,
petrification resistance, miasma immunity, AC +2
a: no special abilities


You were on level 1 of the Dungeon.
You visited 1 branch of the dungeon, and saw 1 of its levels.

You collected 9 gold pieces.

Inventory:

Armour
 a - a +0 ring mail (worn)
 c - a +0 robe
Potions
 d - a potion of lignification {unknown}


   Skills:
 + Level 0.8 Fighting
 + Level 0.0 Armour
 - Level 1.5 Dodging
 - Level 2.1 Stealth
 - Level 2.0 Spellcasting
 + Level 1.0 Transmutations
 + Level 4.2 Earth Magic


You had 4 spell levels left.
You knew the following spells:

 Your Spells              Type           Power        Failure   Level
a - Sandblast             Erth           28%          10%         1

Your spell library contained the following spells:

 Spells                   Type           Power        Failure   Level
 Passwall                 Tmut/Erth      7%           28%         2
 Stone Arrow              Conj/Erth      14%          56%         3
 Petrify                  Tmut/Erth      9%           88%         4
 Lee's Rapid Deconstruct  Erth           7%           95%         5


Dungeon Overview and Level Annotations

Branches:
Dungeon (1/15)

Altars:


Innate Abilities, Weirdness & Mutations

You are resistant to torment.
Your stone body is resilient. (AC +2)
You are immune to poison.
You resist negative energy. (rN+)
You are resistant to electric shocks. (rElec)
You can survive without breathing.
You are immune to petrification.
You are immune to miasma.


Message History

You hit the hobgoblin but do no damage.
The hobgoblin is severely wounded.
The hobgoblin hits you but does no damage.
The hobgoblin blocks your attack.
The hobgoblin is severely wounded.
The hobgoblin barely misses you.
You hit the hobgoblin but do no damage.
The hobgoblin is severely wounded.
The hobgoblin hits you but does no damage.
The hobgoblin blocks your attack.
The hobgoblin is severely wounded.
The hobgoblin barely misses you.
Welcome back, GeorgeSoros the Gargoyle Earth Elementalist.
Press ? for a list of commands and other information.
You are too injured to fight recklessly!
You don't have any stones to cast with.
You hit the hobgoblin.
The hobgoblin is almost dead.
The hobgoblin barely misses you.
You closely miss the hobgoblin.
The hobgoblin is almost dead.
The hobgoblin hits you but does no damage.
You closely miss the hobgoblin.
The hobgoblin is almost dead.
The hobgoblin hits you.
* * * LOW HITPOINT WARNING * * *
You closely miss the hobgoblin.
The hobgoblin is almost dead.
The hobgoblin hits you but does no damage.
You hit the hobgoblin but do no damage.
The hobgoblin is almost dead.
The hobgoblin barely misses you.
You hit the hobgoblin but do no damage.
The hobgoblin is almost dead.
The hobgoblin hits you.
* * * LOW HITPOINT WARNING * * *
You hit the hobgoblin but do no damage.
The hobgoblin is almost dead.
The hobgoblin hits you.
You die...

................#
...........#........#
........)..#....#####
................#
....[...............?.#
#.....#.....$(>.b.....#
.....# #......#b##.###
.....### #..###g##†# .......
#..##@##†# .....#
##....##.######
.....##########..##......####
$.................#.####....#
...##########....#### #....#
...###########......####...##
....K.§......#.≈≈.###......#
...###########.≈≈.#...#....#
#### #....#.<.#....#


You could see a hobgoblin and 2 bats.

Vanquished Creatures
  A dart slug (D:1)
  A leopard gecko (D:1)
  4 hobgoblins (D:1)
  A jackal (D:1)
  A kobold (D:1)
  2 bats (D:1)
10 creatures vanquished.

Notes
Turn   | Place    | Note
-------+----------+-------------------------------------------
     0 | D:1      | GeorgeSoros the Gargoyle Earth Elementalist began the quest
                  | for the Orb.
     0 | D:1      | Reached XP level 1. HP: 10/10 MP: 3/3
    60 | D:1      | Reached skill level 4 in Earth Magic
   311 | D:1      | Reached XP level 2. HP: 11/16 MP: 0/5
   412 | D:1      | Reached skill level 1 in Transmutations
   798 | D:1      | Upgraded the game from 0.27-a0-396-g03f4e8e to
                  | 0.27-a0-401-gea03ee8
   804 | D:1      | Slain by a hobgoblin

Illustrated notes

Levels and vault maps discovered:
D:1:      amcnicky_arrival_double_pillar, layout_rooms

Skill      XL: |  1  2 |
---------------+-------+-----
Earth Magic    | 4 |  4.2
Transmutations | 1 |  1.0
Fighting       | |  0.8
Dodging        | |  1.5
Stealth        | |  2.1
Spellcasting   | |  2.0

Action                   || total
-------------------------++-------
Melee: Unarmed           ||    78
 Cast: Sandblast         ||    30
  Use: Scroll            ||     1
 Stab: Sleeping          ||     1
Armor: Robe              ||    18
       Ring mail         ||    17
Dodge: Dodged            ||    65

Table legend: (Time is in decaauts)
 A = Elapsed time spent in this place.
 B = Non-inter-level travel time spent in this place.
 C = Inter-level travel time spent in this place.
 D = Time resting spent in this place.
 E = Time spent auto-exploring this place.
 F = Levels seen in this place.
 G = Mean time per level.
                   A        B        C        D        E       F      G
               +--------+--------+--------+--------+--------+-----+--------+
         Total |    804 |    804 |      0 |     22 |    462 |   1 |  804.0 |
       Dungeon |    804 |    804 |      0 |     22 |    462 |   1 |  804.0 |
               +--------+--------+--------+--------+--------+-----+--------+

Top non-repeatable levels by time:
     D:1: 804 daAuts
